 Dungeon Crawl Stone Soup version 0.23.1-42-g8abd8fc (webtiles) character file.

Game seed: 16016470067435320357

784 Borgoz the Cutter (level 7, -2/43 HPs)
             Began as a Gargoyle Gladiator on Mar 30, 2019.
             Slain by Edmund
             ... wielding a +0 dire flail of crushing
              (8 damage)
             ... on level 4 of the Dungeon.
             The game lasted 00:06:20 (3748 turns).

Borgoz the Cutter (Gargoyle Gladiator)              Turns: 3748, Time: 00:06:20

Health: -2/43      AC:  9    Str: 17    XL:     7   Next: 86%
Magic:  7/7        EV: 19    Int:  9    God:
Gold:   98         SH:  0    Dex: 13    Spells: 6/6 levels left

rFire    . . .     SeeInvis .   a - +0 rapier
rCold    . . .     Gourm    .   (no shield)
rNeg     + . .     Faith    .   b - +0 leather armour
rPois    ∞         Spirit   .   c - +0 helmet
rElec    +         Reflect  .   (no cloak)
rCorr    .         Harm     +   (no gloves)
MR       +....                  (no boots)
Stlth    ++........             u - amulet of harm
HPRegen  0.14/turn              j - +5 ring of evasion
MPRegen  0.10/turn              o - ring of protection from magic

@: no status effects
A: negative energy resistance 1, electricity resistance, unbreathing,
petrification resistance, rot immunity, AC +4
a: no special abilities


You were on level 4 of the Dungeon.
You were hungry.

You visited 1 branch of the dungeon, and saw 4 of its levels.

You collected 98 gold pieces.

Inventory:

Hand Weapons
 a - a +0 rapier (weapon)
Missiles
 w - 3 tomahawks (quivered)
Armour
 b - a +0 leather armour (worn)
 c - a +0 helmet (worn)
Jewellery
 j - a +5 ring of evasion (left hand)
 o - a ring of protection from magic (right hand)
 u - an amulet of harm (around neck)
Wands
 x - a wand of digging (3)
Scrolls
 e - 3 scrolls of remove curse {unknown}
 h - a scroll of fear {unknown}
 i - 2 scrolls of teleportation {unknown}
 n - a scroll of enchant weapon {unknown}
 p - a scroll of blinking {unknown}
 q - 2 scrolls of enchant armour {unknown}
 r - a scroll of identify {unknown}
Potions
 g - 3 potions of mutation {unknown}
 k - a potion of curing {unknown}
 l - a potion of might {unknown}
 m - 2 potions of heal wounds {unknown}
 s - a potion of agility {unknown}
 v - a potion of berserk rage {unknown}
 z - a potion of degeneration {unknown}
Comestibles
 f - 7 rations
 t - 17 chunks of flesh


   Skills:
 + Level 4.1 Fighting
 * Level 4.9 Short Blades
 - Level 1.7 Throwing
 + Level 3.1 Armour
 * Level 4.4 Dodging
 + Level 3.5 Stealth


You had 6 spell levels left.
You didn't know any spells.
Your spell library was empty.

Dungeon Overview and Level Annotations

Branches:
Dungeon (4/15)
 Temple: D:4-7

Altars:

Annotations:
D:4 Edmund


Innate Abilities, Weirdness & Mutations

You are resistant to torment.
Your stone body is resilient. (AC +4)
You are immune to poison.
You resist negative energy. (rN+)
You are resistant to electric shocks. (rElec)
You can survive without breathing.
You are immune to petrification.
You are immune to rotting.


Message History

You hit Edmund.
Edmund is severely wounded.
Edmund struggles against the net.
The net rips apart, and Edmund comes free!
You hit Edmund but do no damage.
Edmund is severely wounded.
Edmund hits you with a +0 dire flail of crushing!
* * * LOW HITPOINT WARNING * * *
x2 Throwing (i - inventory. (/) - cycle)
d - a throwing net (quivered)
Press: ? - help, Shift-Dir - straight line, f/p - Edmund
Aim: Edmund, wielding a +0 dire flail of crushing and wearing a +0 ring mail (severely wounded)
You throw a throwing net. The throwing net barely misses Edmund.
Edmund closely misses you.
Throwing (i - inventory)
w - 4 tomahawks (quivered)
Press: ? - help, Shift-Dir - straight line, f/p - Edmund
Aim: Edmund, wielding a +0 dire flail of crushing and wearing a +0 ring mail (severely wounded)
You throw a tomahawk. The tomahawk hits Edmund!
Edmund is almost dead.
Edmund hits you with a +0 dire flail of crushing!
You die...

######### #.......# #######
#.......# #######.....#
#.....^.# ### ............#
#.......# #..
............#####......)####..
...>..(.....@@..'.....)....+..
............#####.......#..#..
............# #.........##.#..
............# #.....######....
#######.....# #.....# ##)##
####### #.....# #.##
#.....#######..#
.....##.......# #........


You could see Edmund.

Vanquished Creatures
  Grinder (D:4)
  Sigmund (D:4)
  An ogre (D:4)
  A hound (D:4)
  An orc priest (D:3)
  An orc wizard (D:4)
  Jessica (D:3)
  2 iguanas (D:4)
  A worker ant (D:4)
  Robin (D:4)
  5 adders
  An adder skeleton (D:4)
  3 worms
  3 dart slugs
  2 leopard geckos (D:1)
  8 orcs
  A ball python (D:1)
  6 bats
  3 giant cockroaches
  7 goblins
  9 hobgoblins
  9 jackals
  7 kobolds
  2 quokkas
  4 frilled lizards
  A quokka skeleton (D:4)
  11 rats
93 creatures vanquished.

Notes
Turn   | Place    | Note
-------+----------+-------------------------------------------
     0 | D:1      | Borgoz the Gargoyle Gladiator began the quest for the Orb.
     0 | D:1      | Reached XP level 1. HP: 12/12 MP: 1/1
   247 | D:1      | Reached XP level 2. HP: 16/17 MP: 2/2
   606 | D:1      | Reached XP level 3. HP: 22/22 MP: 3/3
   706 | D:1      | Reached skill level 1 in Stealth
  1392 | D:2      | Reached skill level 1 in Armour
  1775 | D:2      | Reached XP level 4. HP: 27/27 MP: 4/4
  2444 | D:4      | Reached XP level 5. HP: 28/32 MP: 5/5
  2628 | D:3      | Noticed Jessica
  2645 | D:3      | Killed Jessica
  2859 | D:3      | Reached XP level 6. HP: 37/37 MP: 6/6
  3076 | D:4      | Noticed Robin
  3218 | D:4      | Killed Robin
  3295 | D:4      | Noticed Grinder
  3346 | D:4      | Killed Grinder
  3346 | D:4      | Reached XP level 7. HP: 18/41 MP: 7/7
  3610 | D:4      | Noticed Sigmund
  3619 | D:4      | Killed Sigmund
  3703 | D:4      | Noticed Edmund
  3748 | D:4      | Slain by Edmund

Skill      XL: |  1  2  3  4  5  6  7 |
---------------+----------------------+-----
Short Blades   | 3 4 |  4.9
Stealth        | 1 2 3 |  3.5
Armour         | 1 2 3 |  3.1
Dodging        | 3 4 |  4.4
Fighting       | 3 4 |  4.1
Throwing       | |  1.7

Action                   |  1- 3 |  4- 6 |  7- 9 || total
-------------------------+-------+-------+-------++-------
Melee: Rapier            |   139 |   173 |    86 ||   398
Throw: Throwing net      |       |    10 |     6 ||    16
       Tomahawk          |       |       |     1 ||     1
 Stab: Sleeping          |     1 |     1 |       ||     2
       Held in net/web   |       |     1 |     4 ||     5
  Eat: Chunk             |     2 |     6 |     1 ||     9
Armor: Leather armour    |    47 |    32 |    22 ||   101
Dodge: Dodged            |   110 |   134 |    67 ||   311
